 Dungeon Crawl Stone Soup version 0.31.0-32-g396128a36d (webtiles) character file.

Game seed: 12323282441540913752

10150 Econoterrorist the Spear-Bearer (level 11, -7/99 HPs)
             Began as a Minotaur Fighter on Apr 11, 2024.
             Was a High Priest of Okawaru.
             Shot with a bolt by a yaktaur (13 damage)
             ... on level 10 of the Dungeon.
             The game lasted 00:28:39 (10531 turns).

Econoterrorist the Spear-Bearer (Minotaur Fighter) Turns: 10531, Time: 00:28:40

Health: -7/99      AC: 14    Str: 22    XL:     11   Next: 32%
Magic:  10/10      EV: 12    Int:  5    God:    Okawaru [*****.]
Gold:   685        SH:  6    Dex: 13    Spells: 10/10 levels left

rFire   . . .        D - +3 trident (drain)
rCold   + . .        c - +0 buckler
rNeg    + . .        H - +2 ring mail {rC+}
rPois   .            (helmet restricted)
rElec   .            f - +2 cloak
rCorr   .            E - +0 pair of gloves
SInv    .            (no boots)
Will    +....        a - amulet of the acrobat
Stlth   +            t - ring of positive energy
HPRegen 0.36/turn    v - ring of willpower
MPRegen 0.12/turn

%: acrobat
@: no status effects
A: horns 2, retaliatory headbutt
a: Renounce Religion, Heroism, Finesse, Duel


You were on level 10 of the Dungeon.
You worshipped Okawaru.
Okawaru was extremely pleased with you.
You visited 2 branches of the dungeon, and saw 11 of its levels.

You collected 685 gold pieces.

Inventory:

Hand Weapons
 D - a +3 trident of draining (weapon)
Missiles
 i - 2 throwing nets (quivered)
Armour
 c - a +0 buckler (worn)
 f - a +2 cloak (worn)
 E - a +0 pair of gloves (worn)
 H - a +2 ring mail of cold resistance (worn)
Jewellery
 a - an amulet of the acrobat (around neck)
 g - a ring of fire
 t - a ring of positive energy (left hand)
 v - a ring of willpower (right hand)
 y - a ring of flight
Wands
 k - a wand of roots (7)
 A - a wand of mindburst (30)
 C - a wand of light (4)
Scrolls
 d - 10 scrolls of identify {unknown}
 h - a scroll of fog {unknown}
 j - 2 scrolls of torment {unknown}
 m - 3 scrolls of teleportation {unknown}
 o - 3 scrolls of noise {unknown}
 p - 2 scrolls of enchant armour {unknown}
 r - a scroll of vulnerability {unknown}
 u - 2 scrolls of amnesia {unknown}
 w - 2 scrolls of revelation {unknown}
 G - 2 scrolls of poison {unknown}
 I - a scroll of immolation {unknown}
 J - 2 scrolls of blinking {unknown}
Potions
 b - 2 potions of attraction {unknown}
 e - 3 potions of curing
 l - 3 potions of lignification
 s - 2 potions of mutation {unknown}
 z - a potion of might
 B - a potion of cancellation {unknown}
 F - a potion of berserk rage {unknown}
 K - a potion of enlightenment {unknown}
 L - a potion of resistance {unknown}
 N - a potion of ambrosia {unknown}


   Skills:
 - Level 10.1 Fighting
 + Level 13.2 Polearms
 - Level 10.1 Armour
 + Level 4.3 Dodging
 - Level 10.1 Shields


You had 10 spell levels left.
You didn't know any spells.
Your spell library contained the following spells:

 Spells                   Type           Power      Damage    Failure   Level
 Freeze                   Ice            0%         1d3       65%         1
 Shock                    Conj/Air       0%         1d3       65%         1
 Cigotuvi's Dreadful Rot  Necr/Alch/Air  0%         N/A       80%         2
 Frozen Ramparts          Ice            0%         1d1       95%         3
 Hailstorm                Conj/Ice       0%         3d5       95%         3
 Swiftness                Air            0%         N/A       95%         3
 Airstrike                Air            0%         2d(0-16)  100%        4
 Dispel Undead            Necr           0%         3d6       100%        4
 Summon Ice Beast         Ice/Summ       Unusable   N/A       N/A         3
 Martyr's Knell           Necr/Summ      Unusable   N/A       N/A         4
 Death Channel            Necr           Unusable   N/A       N/A         6
 Sculpt Simulacrum        Ice/Alch       Unusable   N/A       N/A         6

Dungeon Overview and Level Annotations

Branches:
Dungeon (10/15)            Temple (1/1) D:4
   Lair: D:8-11         Orc: D:9-12

Altars:
Ashenzari
Cheibriados
Dithmenos
Elyvilon
Fedhas
Gozag
Hepliaklqana
Kikubaaqudgha
Makhleb
Nemelex Xobeh
Okawaru
Qazlal
Ru
Sif Muna
Trog
Uskayaw
Vehumet
Wu Jian
Xom
Yredelemnul
Zin
The Shining One


Innate Abilities, Weirdness & Mutations

You have a pair of horns on your head.
You reflexively headbutt those who attack you in melee.


Message History

Your Dodging skill increases to level 4!
Things that are here:
a +0 shortbow; a centaur corpse
There is a stone staircase leading down, spattered with blood here.
Things that are here:
a +0 dagger; a boomerang; an orc corpse
There is a stone staircase leading down, spattered with blood here.
You start resting.
HP restored.
You climb downwards.
You hear the roar of battle.
There is an entrance to a bailey on this level.
Hurry and find it before the portal closes forever!
The fire elemental closely misses you.
The deep elf pyromancer mumbles some strange words.
The deep elf pyromancer blinks!
The yaktaur shoots a bolt.
The bolt closely misses you. The fire elemental hits you.
The fire elemental burns you!
There is a stone staircase leading up, spattered with blood here.
You block the fire elemental's attack.
The yaktaur shoots a bolt.
The bolt hits you!
You puncture the cyclops! You drain the cyclops.
The cyclops is heavily wounded.
The fire elemental hits you. The fire elemental burns you!
You hit the cyclops but do no damage. You headbutt the cyclops!
The cyclops is severely wounded.
The cyclops hits you! The fire elemental closely misses you.
You puncture the cyclops! You drain the cyclops.
You kill the cyclops!
Okawaru is honoured by your kill.
The yaktaur shoots a bolt.
The bolt closely misses you. You block the fire elemental's attack.
The deep elf pyromancer mumbles some strange words.
The deep elf pyromancer blinks!
The yaktaur shoots a bolt.
The bolt hits you!!
* * * LOW HITPOINT WARNING * * *
The fire elemental hits you. The fire elemental burns you!
* * * LOW HITPOINT WARNING * * *
There is a stone staircase leading up, spattered with blood here.
The fire elemental barely misses you.
The yaktaur shoots a bolt.
The bolt hits you!
You die...

####### #..E@>#
#.....# . #..(..# ...
#.....# ... #.....#
..o##########.....#
..............c§..####
......................
......................


You could see a yaktaur and a fire elemental (summoned).

Vanquished Creatures
  A two-headed ogre (D:8)
  2 centaur warriors
  A tengu warrior (D:8)
  A manticore (D:8)
  A cyclops (D:10)
  Jeremiah (D:7)
  An unseen horror (D:8)
  A troll (shapeshifter) (D:8)
  2 trolls
  Grinder (D:3)
  2 shadows (D:10)
  A slime creature (D:8)
  A basilisk (D:8)
  A steam dragon (D:8)
  Edmund (D:6)
  2 acid dragons
  4 water moccasins
  3 ice beasts
  5 orc warriors
  4 ogres
  4 centaurs
  2 phantoms
  2 kobold brigands
  5 bullfrogs
  7 scorpions
  A gnoll sergeant (D:5)
  3 wights (D:8)
  11 killer bees (D:9)
  4 electric eels (D:8)
  2 howler monkeys (D:9)
  3 bombardier beetles
  2 hounds
  5 orc priests
  A gnoll bouda (D:9)
  2 jellies
  4 iguanas
  Crazy Yiuf (D:2)
  Terence (D:2)
  4 orc wizards
  8 adders
  7 gnolls
  4 shadow imps
  3 white imps
  An ufetubus (D:5)
  7 dart slugs
  A ribbon worm (D:2)
  32 orcs
  5 ball pythons
  12 bats
  10 endoplasms
  2 giant cockroaches
  6 goblins
  3 hobgoblins
  2 jackals (D:1)
  A quokka (D:4)
  8 frilled lizards
  12 kobolds
  8 rats
232 creatures vanquished.

Notes
Turn   | Place    | Note
-------+----------+-------------------------------------------
     0 | D:1      | Econoterrorist the Minotaur Fighter began the quest for the
                  | Orb.
     0 | D:1      | Reached XP level 1. HP: 19/19 MP: 0/0
   283 | D:1      | Reached skill level 3 in Polearms
   290 | D:1      | Reached XP level 2. HP: 24/26 MP: 1/1
  1006 | D:2      | Reached skill level 4 in Polearms
  1083 | D:2      | Reached XP level 3. HP: 29/31 MP: 2/2
  1176 | D:2      | Found a runed translucent door.
  1177 | D:2      | Noticed Crazy Yiuf
  1182 | D:2      | Killed Crazy Yiuf
  1183 | D:2      | Reached skill level 5 in Polearms
  1346 | D:2      | Noticed Terence
  1361 | D:2      | Killed Terence
  1362 | D:2      | Reached XP level 4. HP: 22/39 MP: 3/3
  1951 | D:3      | Found a faded altar of an unknown god.
  1975 | D:3      | Noticed Grinder
  1975 | D:3      | Paralysed by Grinder for 3 turns
  1979 | D:3      | Paralysed by Grinder for 2 turns
  1984 | D:3      | Found a radiant altar of Vehumet.
  1987 | D:3      | Killed Grinder
  1988 | D:3      | Reached skill level 7 in Polearms
  1988 | D:3      | Reached XP level 5. HP: 30/45 MP: 4/4
  1988 | D:3      | Reached XP level 6. HP: 35/51 MP: 5/5
  2107 | D:3      | Reached skill level 8 in Polearms
  2149 | D:3      | Found a stormy altar of Qazlal.
  2151 | D:3      | Found an opulent altar of Gozag.
  2370 | D:3      | You fall into a shaft and drop 3 floors!
  2511 | D:5      | Entered Level 5 of the Dungeon
  2679 | D:5      | Reached XP level 7. HP: 11/59 MP: 6/6
  2968 | D:4      | Found a staircase to the Ecumenical Temple.
  2995 | Temple   | Entered the Ecumenical Temple
  3198 | D:4      | Reached skill level 5 in Fighting
  3198 | D:4      | Reached skill level 5 in Armour
  3198 | D:4      | Reached skill level 5 in Shields
  3858 | D:3      | Reached skill level 9 in Polearms
  4087 | D:3      | Found a glowing silver altar of Zin.
  4087 | D:3      | Found an iron altar of Okawaru.
  4087 | D:3      | Found an ornate altar of the Wu Jian Council.
  4087 | D:3      | Found a sparkling altar of Nemelex Xobeh.
  4087 | D:3      | Found a radiant altar of Vehumet.
  4087 | D:3      | Found a sacrificial altar of Ru.
  4099 | D:3      | Reached XP level 8. HP: 58/68 MP: 7/7
  4117 | D:3      | Became a worshipper of Warmaster Okawaru
  5296 | D:6      | Noticed Edmund
  5308 | D:6      | Killed Edmund
  5400 | D:7      | Reached skill level 10 in Polearms
  5412 | D:7      | Reached * piety under Okawaru
  5413 | D:7      | Reached XP level 9. HP: 20/78 MP: 8/8
  5611 | D:7      | Found an iron altar of Okawaru.
  5706 | D:7      | Noticed Jeremiah
  5826 | D:7      | Killed Jeremiah
  6147 | D:7      | Reached ** piety under Okawaru
  6275 | D:7      | Identified the +0 robe "Felok" {Harm rC- MP+9 Dex+4}
  7526 | D:8      | Reached skill level 11 in Polearms
  7545 | D:8      | Reached *** piety under Okawaru
  7690 | D:8      | Reached XP level 10. HP: 83/90 MP: 9/9
  8253 | D:8      | Noticed a two-headed ogre
  8262 | D:8      | Killed a two-headed ogre
  8262 | D:8      | Reached **** piety under Okawaru
  8609 | D:8      | Noticed a tengu warrior
  8609 | D:8      | Noticed a centaur warrior
  8619 | D:8      | Noticed a manticore
  8621 | D:8      | Killed a centaur warrior
  8622 | D:8      | Reached skill level 12 in Polearms
  8636 | D:8      | Killed a tengu warrior
  8636 | D:8      | Reached ***** piety under Okawaru
  8648 | D:8      | Reached skill level 10 in Shields
  8651 | D:8      | Received a gift from Okawaru
  8652 | D:8      | Reached skill level 10 in Fighting
  8652 | D:8      | Reached skill level 10 in Armour
  8658 | D:8      | Killed a manticore
  8833 | D:8      | Identified the +3 leather armour of Defence {rElec Will+
                  | Int+2}
  9225 | D:9      | Reached skill level 1 in Dodging
  9225 | D:9      | Reached XP level 11. HP: 76/99 MP: 10/10
 10249 | D:10     | Entered Level 10 of the Dungeon
 10317 | D:10     | Noticed a fire dragon
 10317 | D:10     | Noticed a centaur warrior
 10317 | D:10     | Noticed a deep elf pyromancer
 10317 | D:10     | Noticed a tengu warrior
 10317 | D:10     | Noticed a boulder beetle
 10317 | D:10     | Noticed an ogre mage
 10516 | D:9      | Killed a centaur warrior
 10517 | D:9      | Reached skill level 13 in Polearms
 10531 | D:10     | Shot with a bolt by a yaktaur

Illustrated notes

Levels and vault maps discovered:
D:1:      minmay_arrival_widening_spiral_narrow, layout_basic
D:2:      minmay_skewed_foursquare, layout_basic, minmay_pentomino_t4,
          uniq_terence, uniq_crazy_yiuf_cottage
D:3:      cheibrodos_fertilizer, layout_loops_cross, nicolae_vehumet_radiance,
          mainiacjoe_overflow_catwalk_spiral,
          ebering_ecumenical_altar_sacrificial, minmay_misc_feat_hallway,
          minivault_25, uniq_grinder
D:4:      layout_basic, minmay_temple_entry_ruins, minmay_diced_spiral
D:5:      layout_cave_pools, hangedman_minor_gate_pass
D:6:      layout_basic, uniq_edmund
D:7:      old_forge, layout_layer_cave, mainiacjoe_overflow_small_starburst,
          minmay_chambers_of_fives, uniq_jeremiah
D:8:      minmay_the_grid_octo_tiled_octocenter [minmay_the_grid_octo_clover,
          minmay_the_grid_octo_clover_2, minmay_the_grid_octo_checkerflower,
          minmay_the_grid_octo_fat_diamond, minmay_the_grid_octo_prize_big_c,
          minmay_the_grid_square_5x5_six_small,
          minmay_the_grid_square_5x5_trominoes,
          minmay_the_grid_square_5x5_minimal,
          minmay_the_grid_square_5x5_two_small], layout_loops_ring,
          serial_bayou_lagoon_b
D:9:      nicolae_cairo_tiling_very_big, layout_loops_ring
D:10:     layout_irregular_city, hellmonk_lair_entry_icy, enter_bailey_2,
          minivault_28
Temple:   eino_narrow_crystal_temple

Skill      XL: |  1  2  3  4  5  6  7  8  9 10 11 |
---------------+----------------------------------+-----
Polearms       | 3 4 5 7 8 9 10 11 12 13 | 13.2
Fighting       | 4 5 6 8 10 | 10.1
Shields        | 4 5 6 8 10 | 10.1
Armour         | 4 5 6 8 10 | 10.1
Dodging        | 1 4 |  4.3

Action                     |  1- 3 |  4- 6 |  7- 9 | 10-12 || total
---------------------------+-------+-------+-------+-------++-------
  Melee: Trident           |    75 |    65 |   397 |   235 ||   772
         Headbutt          |     4 |    11 |    72 |    38 ||   125
 Invoke: Heroism           |       |       |       |     1 ||     1
    Use: Potion            |       |     1 |     1 |     5 ||     7
   Stab: Held in net/web   |       |       |     1 |       ||     1
 Armour: Scale mail        |    38 |    47 |   168 |       ||   253
         Ring mail         |       |       |    33 |   174 ||   207
         Skin              |       |       |    23 |       ||    23
  Dodge: Dodged            |    27 |    27 |   100 |   144 ||   298
  Block: Buckler           |    15 |    10 |    62 |    67 ||   154
